 Dungeon Crawl Stone Soup version 0.30-a0-883-g5ad918d77d (webtiles) character file.

Game seed: 11251900886125105633

9 Iich the Trooper (level 2, 24/24 HPs)
             Began as a Demonspawn Fighter on Mar 16, 2023.
             Got out of the dungeon alive.
             The game lasted 00:00:22 (109 turns).

Iich the Trooper (Demonspawn Fighter)                Turns: 109, Time: 00:00:23

Health: 24/24      AC:  6    Str: 16    XL:     2   Next: 3%
Magic:  2/2        EV:  8    Int:  9    God:
Gold:   8          SH:  4    Dex: 12    Spells: 1/1 levels left

rFire   . . .      SeeInvis .    a - +0 war axe
rCold   . . .      Faith    .    c - +0 buckler
rNeg    . . .      Spirit   .    b - +0 scale mail
rPois   .          Reflect  .    (helmet restricted)
rElec   .          Rampage  .    (no cloak)
rCorr   .                        (no gloves)
Will    .....                    (no boots) Stlth
                                 (no amulet)
HPRegen 0.24/turn                (no ring)
MPRegen 0.08/turn                (no ring)

@: no status effects
A: antennae 1
a: no special abilities


You escaped.
You visited 1 branch of the dungeon, and saw 1 of its levels.

You collected 8 gold pieces.

Inventory:

Hand Weapons
 a - a +0 war axe (weapon)
Armour
 b - a +0 scale mail (worn)
 c - a +0 buckler (worn)
Potions
 d - a potion of might
 e - 2 potions of heal wounds {unknown}


   Skills:
 + Level 3.2 Fighting
 * Level 2.3 Axes
 - Level 2.6 Armour
 - Level 2.6 Shields


You had one spell level left.
You didn't know any spells.
Your spell library contained the following spells:

 Spells                   Type           Power      Damage    Failure   Level
 Apportation              Tloc           0%         N/A       89%         1
 Necrotise                Necr           0%         1d4       89%         1
 Summon Small Mammal      Summ           0%         N/A       89%         1


Dungeon Overview and Level Annotations

Branches:
Dungeon (1/15)

Altars:


Innate Abilities, Weirdness & Mutations

You have a pair of small antennae on your head.


Message History

The jackal bites you but does no damage.
The ball python closely misses you. The ball python grabs you.
The ball python constricts you. The jackal barely misses you.
The ball python barely misses you. The ball python constricts you.
You hit the ball python.
The ball python is heavily wounded.
You barely miss the jackal.
The jackal bites you but does no damage. x2
The ball python barely misses you. The ball python constricts you.
You hit the ball python.
You kill the ball python!
You hit the jackal.
You kill the jackal!
No target in view!
No target in view!
You now have 8 gold pieces.
A bat comes into view.
The bat moves out of view.
Health restored: 18 A bat is nearby!
The bat hits you but does no damage.
You barely miss the bat. The bat hits you but does no damage.
You barely miss the bat. The bat hits you but does no damage. x2
You hit the bat.
The bat is severely wounded.
The bat misses you. The bat hits you but does no damage.
You closely miss the bat.
The bat is severely wounded.
The bat closely misses you. You block the bat's attack.
You slash the bat!
You kill the bat!
You have reached level 2!
You feel monstrous as your demonic heritage exerts itself.
Your demonic ancestry asserts itself...
A pair of antennae grows on your head!
Health restored: 24; MP restored: 2
There is an open door here.
There is a staircase leading out of the dungeon here.
Are you sure you want to leave the Dungeon?
This will make you lose the game!
You have escaped!

#..#..........
#..#..........
#..#...†......
####....†........
............[....
###.###..........
#............
#########.#..........
#...@...#.##.........
#8.....8#........>...
##.....########......
#..8.8..# #......
##.....## #......
#.....# #......
#.8.8.# #......
#.....# ###......
#.....# ##........


There were no monsters in sight!

Vanquished Creatures
  A bat (D:1)
  A giant cockroach (D:1)
  3 jackals (D:1)
  2 ball pythons (D:1)
7 creatures vanquished.

Notes
Turn   | Place    | Note
-------+----------+-------------------------------------------
     0 | D:1      | Iich the Demonspawn Fighter began the quest for the Orb.
     0 | D:1      | Reached XP level 1. HP: 18/18 MP: 1/1
    74 | D:1      | Discovered your monstrous ancestry.
    74 | D:1      | Gained mutation: You have a pair of small antennae on your
                  | head. [demonic ancestry]
    74 | D:1      | Reached XP level 2. HP: 24/24 MP: 2/2
   109 | D:$      | Got out of the dungeon alive.

Illustrated notes

Levels and vault maps discovered:
D:1:      elethiomel_arrival_quiet, layout_basic,
          dreamdust_ecumenical_altar_angels_and_demons

Skill      XL: |  1 |
---------------+----+-----
Axes           | 2 |  2.3
Fighting       | |  3.2
Armour         | |  2.6
Shields        | |  2.6

Action                     || total
---------------------------++-------
  Melee: War axe           ||    15
 Armour: Scale mail        ||    13
  Dodge: Dodged            ||    12
  Block: Buckler           ||     2

Table legend: (Time is in decaauts)
 A = Elapsed time spent in this place.
 B = Non-inter-level travel time spent in this place.
 C = Inter-level travel time spent in this place.
 D = Time resting spent in this place.
 E = Time spent auto-exploring this place.
 F = Levels seen in this place.
 G = Mean time per level.
                   A        B        C        D        E       F      G
               +--------+--------+--------+--------+--------+-----+--------+
         Total |    115 |     81 |     34 |      0 |     48 |   1 |  115.0 |
       Dungeon |    115 |     81 |     34 |      0 |     48 |   1 |  115.0 |
               +--------+--------+--------+--------+--------+-----+--------+

Top non-repeatable levels by time:
     D:1: 115 daAuts
